 Dungeon Crawl Stone Soup version 0.30-a0-634-g8abc85282e (webtiles) character file.

Game seed: 13016174990397801258

1164 Dartaoz the Cleaver (level 8, -1/71 HPs)
             Began as a Hill Orc Monk on Jan 14, 2023.
             Was a Believer of Beogh.
             Slain by a hornet zombie (7 damage)
             ... in an ossuary.
             The game lasted 00:13:08 (4581 turns).

Dartaoz the Cleaver (Hill Orc Monk)                 Turns: 4581, Time: 00:13:08

Health: -1/71      AC: 11    Str: 16    XL:     8   Next: 40%
Magic:  11/11      EV: 15    Int: 10    God:    Beogh [**....]
Gold:   130        SH:  0    Dex: 13    Spells: 7/7 levels left

rFire   . . .      SeeInvis .    t - +2 hand axe (vamp)
rCold   . . .      Faith    .    (no shield)
rNeg    . . .      Spirit   .    c - +0 scale mail {rPois}
rPois   +          Reflect  .    s - +0 helmet
rElec   .          Harm     .    (no cloak)
rCorr   .          Rampage  .    (no gloves)
Will    +....                    r - +2 pair of boots Stlth
                                 (no amulet)
HPRegen 0.31/turn                w - +5 ring of evasion
MPRegen 0.12/turn                k - ring of willpower

@: no status effects
A: no striking features
a: Renounce Religion, Smiting


You were in an ossuary.
You worshipped Beogh.
Beogh was pleased with you.
You visited 1 branch of the dungeon, and saw 5 of its levels.
You also visited: Ossuary.

You collected 130 gold pieces.

Inventory:

Hand Weapons
 a - a +0 hand axe
 t - a +2 vampiric hand axe (weapon)
Armour
 b - a +0 robe
 c - a +0 scale mail of poison resistance (worn)
 j - a +0 leather armour
 p - a +0 ring mail
 r - a +2 pair of boots (worn)
 s - a +0 helmet (worn)
Jewellery
 h - a ring of positive energy
 k - a ring of willpower (right hand)
 w - a +5 ring of evasion (left hand)
Scrolls
 e - a scroll of fear {unknown}
 f - a scroll of enchant weapon {unknown}
 g - a scroll of amnesia {unknown}
 m - 3 scrolls of teleportation
 n - 2 scrolls of identify {unknown}
 o - a scroll of enchant armour {unknown}
 u - a scroll of torment {unknown}
Potions
 d - a potion of degeneration {unknown}
 i - 2 potions of lignification {unknown}
 l - a potion of brilliance {unknown}
 q - 2 potions of attraction {unknown}
 v - a potion of haste {unknown}
 x - a potion of flight {unknown}


   Skills:
 + Level 6.8 Fighting
 + Level 8.2 Axes
 + Level 5.0 Armour
 + Level 2.9 Dodging
 - Level 1.5 Stealth
 + Level 4.7 Invocations


You had 7 spell levels left.
You didn't know any spells.
Your spell library contained the following spells:

 Spells                   Type           Power      Damage    Failure   Level
 Ensorcelled Hibernation  Hex/Ice        0%         N/A       88%         2
 Passwall                 Tmut/Erth      0%         N/A       88%         2
 Ozocubu's Armour         Ice            0%         N/A       98%         3
 Swiftness                Air            0%         N/A       98%         3
 Metabolic Englaciation   Hex/Ice        0%         N/A       100%        5
 Simulacrum               Ice/Necr       0%         N/A       100%        6


Dungeon Overview and Level Annotations

Branches:
Dungeon (5/15)             Temple (0/1) D:4         Ossuary (1/1)

Altars:
Ashenzari
Zin


Message History

Your Armour skill increases to level 5!
You slash the bullfrog zombie!
The bullfrog zombie is moderately damaged.
The bullfrog zombie hits you but does no damage.
You barely miss the bullfrog zombie.
You punch the bullfrog zombie, but do no damage.
The bullfrog zombie is moderately damaged.
The bullfrog zombie hits you but does no damage.
You barely miss the bullfrog zombie.
The bullfrog zombie is moderately damaged.
The bullfrog zombie completely misses you.
The bullfrog zombie closely misses you.
You hit the bullfrog zombie.
The bullfrog zombie is moderately damaged.
The bullfrog zombie misses you.
You completely miss the bullfrog zombie.
You punch the bullfrog zombie.
The bullfrog zombie is heavily damaged.
The bullfrog zombie misses you.
You slash the bullfrog zombie!
The bullfrog zombie is severely damaged.
The bullfrog zombie misses you.
You hit the bullfrog zombie.
The bullfrog zombie is almost destroyed.
The bullfrog zombie barely misses you.
You closely miss the bullfrog zombie.
The bullfrog zombie is almost destroyed.
The bullfrog zombie hits you.
* * * LOW HITPOINT WARNING * * *
You barely miss the bullfrog zombie.
The bullfrog zombie is almost destroyed.
The bullfrog zombie completely misses you.
The bullfrog zombie hits you but does no damage.
You hit the bullfrog zombie.
You destroy the bullfrog zombie!
Beogh accepts your kill.
You hit the hornet zombie but do no damage.
The hornet zombie is severely damaged.
The hornet zombie hits you!
You die...

##### ###
#.#.# #.#
.~~#'#'#'#+#'#
.~~~..ZZZZ@..+
~#####.#####.#
#.#...#.+
#.#.∩.'.#
#.#∩..#.+
#.#####.# '.
'.+ #. #.# #.+


You could see 2 water moccasin zombies, a bullfrog zombie and a hornet zombie.

Vanquished Creatures
  Sigmund (D:3)
  A water moccasin (D:4)
  A sky beast (D:4)
  A necrophage (D:4)
  A bullfrog (D:4)
  A water moccasin zombie (Ossuary)
  An orc priest (D:3)
  2 hounds
  2 bullfrog zombies (Ossuary)
  2 iguanas (D:4)
  Ijyb (D:3)
  Natasha (thrice) (D:2)
  2 orc wizards
  7 mummies (Ossuary)
  A howler monkey zombie (Ossuary)
  7 gnolls
  2 adders (D:4)
  An ufetubus (D:4)
  4 dart slugs
  10 orcs
  9 endoplasms
  A giant cockroach (D:2)
  6 goblins
  5 hobgoblins
  4 jackals
  7 kobolds
  A quokka (D:2)
  5 ball pythons (D:1)
  5 bats
  A frilled lizard (D:1)
  4 rats
99 creatures vanquished.

Vanquished Creatures (others)
  An orc priest (D:3)
  An orc (D:3)
  An endoplasm (D:3)
  6 withered plants (Ossuary)
9 creatures vanquished.

Grand Total: 108 creatures vanquished

Notes
Turn   | Place    | Note
-------+----------+-------------------------------------------
     0 | D:1      | Dartaoz the Hill Orc Monk began the quest for the Orb.
     0 | D:1      | Reached XP level 1. HP: 19/19 MP: 1/1
   476 | D:1      | Reached XP level 2. HP: 26/26 MP: 2/2
   812 | D:1      | Reached skill level 5 in Axes
   895 | D:2      | Noticed Natasha
   905 | D:2      | Noticed a crimson imp
   957 | D:2      | Killed Natasha
   958 | D:2      | Reached skill level 1 in Armour
   958 | D:2      | Reached XP level 3. HP: 5/33 MP: 3/3
  1161 | D:2      | Reached XP level 4. HP: 31/40 MP: 4/4
  1190 | D:2      | Noticed Natasha
  1206 | D:2      | Killed Natasha
  1586 | D:2      | Noticed Natasha
  1606 | D:2      | Killed Natasha
  1607 | D:2      | Reached skill level 6 in Axes
  1607 | D:2      | Reached XP level 5. HP: 12/47 MP: 5/5
  2186 | D:3      | Noticed Sigmund
  2187 | D:3      | Became a worshipper of Beogh the Brigand
  2187 | D:3      | Reached * piety under Beogh
  2187 | D:3      | Reached ** piety under Beogh
  2409 | D:3      | Reached skill level 5 in Fighting
  2817 | D:3      | Reached XP level 6. HP: 56/56 MP: 6/6
  2836 | D:3      | Killed Sigmund
  2893 | D:3      | Noticed Ijyb
  2932 | D:3      | Killed Ijyb
  3223 | D:4      | Reached skill level 7 in Axes
  3392 | D:4      | Reached XP level 7. HP: 61/61 MP: 8/8
  3698 | D:4      | Found a staircase to the Ecumenical Temple.
  3879 | D:4      | Identified the +0 leather armour of the Heron {rPois Int-5
                  | Slay+2 SInv}
  4119 | D:4      | Reached XP level 8. HP: 71/71 MP: 9/11
  4291 | D:5      | Entered Level 5 of the Dungeon
  4304 | D:5      | Found a broken altar of Ashenzari.
  4305 | D:5      | Found a glowing silver altar of Zin.
  4450 | D:5      | Found a sand-covered staircase.
  4475 | Ossuary  | Entered an ossuary
  4492 | Ossuary  | Reached skill level 8 in Axes
  4571 | Ossuary  | Reached skill level 5 in Armour
  4581 | Ossuary  | Slain by a hornet zombie

Illustrated notes

Levels and vault maps discovered:
D:1:      dpeg_arrival_court, layout_basic
D:2:      layout_loops_ring, uniq_natasha
D:3:      layout_rooms, chequers_serial_rivers_micro_c, minmay_misc_feat_iff,
          uniq_ijyb, uniq_sigmund
D:4:      layout_gridville, minmay_temple_entry_drinking_statues,
          chequers_serial_rivers_micro_a
D:5:      layout_loops_ring, chequers_temple_overflow_statue_of_worship,
          grunt_temple_overflow_open, nicolae_overflow_hidden_temple,
          enter_ossuary_2, kennysheep_generic_room_10
Ossuary:  ossuary_zaba_flooded

Skill      XL: |  1  2  3  4  5  6  7  8 |
---------------+-------------------------+-----
Axes           | 5 6 7 8 |  8.2
Armour         | 1 2 3 4 5 |  5.0
Fighting       | 4 5 6 |  6.8
Invocations    | 2 4 |  4.7
Dodging        | |  2.9
Stealth        | |  1.5

Action                   |  1- 3 |  4- 6 |  7- 9 || total
-------------------------+-------+-------+-------++-------
Melee: Hand axe          |    94 |   198 |   195 ||   487
       Punch             |     1 |     1 |     3 ||     5
Invok: Convert to Beogh  |       |     1 |       ||     1
       Smiting           |       |       |     2 ||     2
  Use: Potion            |       |     1 |       ||     1
       Scroll            |       |       |     1 ||     1
 Stab: Sleeping          |     4 |       |       ||     4
Armor: Robe              |     5 |       |       ||     5
       Leather armour    |    13 |     8 |       ||    21
       Ring mail         |       |    39 |       ||    39
       Scale mail        |       |     8 |    66 ||    74
Dodge: Dodged            |    71 |    88 |    83 ||   242

Table legend: (Time is in decaauts)
 A = Elapsed time spent in this place.
 B = Non-inter-level travel time spent in this place.
 C = Inter-level travel time spent in this place.
 D = Time resting spent in this place.
 E = Time spent auto-exploring this place.
 F = Levels seen in this place.
 G = Mean time per level.
                   A        B        C        D        E       F      G
               +--------+--------+--------+--------+--------+-----+--------+
         Total |   4578 |   4473 |    105 |    245 |   3300 |   6 |  763.0 |
       Dungeon |   4481 |   4376 |    105 |    245 |   3296 |   5 |  896.2 |
       Ossuary |     97 |     97 |      0 |      0 |      4 |   1 |   97.0 |
               +--------+--------+--------+--------+--------+-----+--------+

Top non-repeatable levels by time:
     D:2: 1311 daAuts
     D:4: 1076 daAuts
     D:1: 1002 daAuts
     D:3: 908 daAuts
     D:5: 182 daAuts
 Ossuary: 97 daAuts
